 Dungeon Crawl Stone Soup version 0.28.0-45-g0d030f2227 (webtiles) character file.

Game seed: 6189876884045473419

56 Naeght the Poker (level 3, -2/27 HPs)
             Began as a Merfolk Gladiator on Apr 20, 2022.
             Slain by Robin
             ... wielding a +5 mace of protection
              (3 damage)
             ... on level 2 of the Dungeon.
             The game lasted 00:02:54 (1447 turns).

Naeght the Poker (Merfolk Gladiator)                Turns: 1447, Time: 00:02:55

Health: -2/27      AC:  6    Str: 16    XL:     3   Next: 95%
Magic:  3/3        EV: 13    Int:  7    God:
Gold:   44         SH:  0    Dex: 15    Spells: 2/2 levels left

rFire   . . .      SeeInvis .   a - +0 trident
rCold   . . .      Faith    .   (no shield)
rNeg    . . .      Spirit   .   b - +0 leather armour
rPois   .          Reflect  .   c - +0 helmet
rElec   .          Harm     .   i - +0 cloak
rCorr   .          Rampage  .   f - +0 pair of gloves
Will    .....                   (no boots)
Stlth   +.........              (no amulet)
HPRegen 0.09/turn               (no ring)
MPRegen 0.08/turn               (no ring)

@: no status effects
A: (nimble swimmer 2), mertail
a: no special abilities


You were on level 2 of the Dungeon.
You visited 1 branch of the dungeon, and saw 2 of its levels.

You collected 44 gold pieces.

Inventory:

Hand Weapons
 a - a +0 trident (weapon)
Missiles
 d - 2 throwing nets
 g - 2 javelins (quivered)
Armour
 b - a +0 leather armour (worn)
 c - a +0 helmet (worn)
 f - a +0 pair of gloves (worn)
 i - a +0 cloak (worn)
Jewellery
 m - a +6 ring of strength
Scrolls
 k - a scroll of vulnerability {unknown}
 l - a scroll of teleportation {unknown}
Potions
 e - a potion of brilliance {unknown}
 h - a potion of degeneration {unknown}
 j - a potion of might {unknown}


   Skills:
 - Level 2.1 Fighting
 * Level 6.9 Polearms
 - Level 2.0 Throwing
 - Level 4.0 Dodging


You had 2 spell levels left.
You didn't know any spells.
Your spell library was empty.

Dungeon Overview and Level Annotations

Branches:
Dungeon (2/15)

Altars:

Shops:
D:2 (

Annotations:
D:2 Robin


Innate Abilities, Weirdness & Mutations

((You are very nimble when in or above water. (Stealth+, EV+, Speed+++)))
Your lower body shifts to a powerful aquatic tail in water.


Message History

Robin is heavily wounded.
Robin hits you with a +5 mace of protection.
You are too injured to fight recklessly!
You are too injured to fight recklessly!
You are too injured to fight recklessly!
You are too injured to fight recklessly!
You are too injured to fight recklessly!
You are too injured to fight recklessly!
You are too injured to fight recklessly!
You are too injured to fight recklessly!
You are too injured to fight recklessly!
You are too injured to fight recklessly!
You are too injured to fight recklessly!
You are too injured to fight recklessly!
You are too injured to fight recklessly!
You are too injured to fight recklessly!
You are too injured to fight recklessly!
You are too injured to fight recklessly!
You are too injured to fight recklessly!
You are too injured to fight recklessly!
You are too injured to fight recklessly!
You are too injured to fight recklessly!
You are too injured to fight recklessly!
You are too injured to fight recklessly!
You are too injured to fight recklessly!
You barely miss Robin.
Robin is heavily wounded.
Robin hits you with a +5 mace of protection.
* * * LOW HITPOINT WARNING * * *
You barely miss Robin.
Robin is heavily wounded.
Robin hits you with a +5 mace of protection.
* * * LOW HITPOINT WARNING * * *
You hit Robin.
Robin is heavily wounded.
Robin completely misses you.
You closely miss Robin.
Robin is heavily wounded.
Robin hits you with a +5 mace of protection.
You die...

#########......#...... #...#
...............#......##...#
###.####.......##.....##...#
####.......##......##...
#.......##.##.........##
#.##....##.##...........
#.##....................
#.##)#####.......###....
#.##<.)@g........#......
#....†.....#....g...g...
####...÷.###....#.......
.................#....###
#####.....)......#....#
#>............#.....#
#..##.........##..$.#
#..##......##......... <..
.................


You could see Robin.

Vanquished Creatures
  An adder (D:2)
  A worm (D:2)
  5 bats
  3 endoplasms
  A giant cockroach (D:1)
  4 hobgoblins
  A quokka (D:1)
  4 ball pythons
  12 goblins
  6 kobolds
  3 rats (D:1)
41 creatures vanquished.

Notes
Turn   | Place    | Note
-------+----------+-------------------------------------------
     0 | D:1      | Naeght the Merfolk Gladiator began the quest for the Orb.
     0 | D:1      | Reached XP level 1. HP: 16/16 MP: 1/1
   112 | D:1      | Reached skill level 5 in Polearms
   117 | D:1      | Reached XP level 2. HP: 22/22 MP: 2/2
   877 | D:2      | Reached skill level 6 in Polearms
   877 | D:2      | Reached XP level 3. HP: 21/27 MP: 3/3
  1000 | D:2      | Found Gilush's Weapon Boutique.
  1124 | D:2      | Noticed Robin
  1445 | D:2      | HP: 1/27 [Robin/+5 mace of protection (4)]
  1447 | D:2      | Slain by Robin

Illustrated notes

Levels and vault maps discovered:
D:1:      dpeg_arrival_tiny_a, layout_basic
D:2:      layout_basic, serial_shops, shop, uniq_robin

Skill      XL: |  1  2 |
---------------+-------+-----
Polearms       | 5 6 |  6.9
Fighting       | |  2.1
Throwing       | |  2.0
Dodging        | |  4.0

Action                   || total
-------------------------++-------
Melee: Trident           ||   119
       Punch             ||     1
Throw: Throwing net      ||     1
 Stab: Sleeping          ||     2
Armor: Leather armour    ||    28
Dodge: Dodged            ||    74
